 Dungeon Sprint DCSS version 0.26-a0-163-g6c8a0bf695 (webtiles) character file.

Game seed: 6463268080602815170

65730 Freyura the Slayer (level 14, 0/138 HPs)
             Began as a Demonspawn Gladiator on July 3, 2020.
             Was the Champion of Okawaru.
             Killed by vampiric draining
             ... invoked by a vampire knight
              (4 damage)
             ... in the Dungeon (Sprint IX: "|||||||||||||||||||||||||||||").
             The game lasted 00:21:17 (3568 turns).

Freyura the Slayer (Demonspawn Gladiator)           Turns: 3568, Time: 00:21:17

Health: 0/138      AC: 27    Str: 19    XL:     14   Next: 76%
Magic:  27/27      EV: 22    Int: 13    God:    Okawaru [******]
Gold:   1913       SH:  0    Dex: 18    Spells: 13/13 levels left

rFire    . . .     SeeInvis .   g - +6 lajatang (vamp)
rCold    . . .     Faith    .   (shield currently unavailable)
rNeg     . . .     Spirit   .   A - +0 shadow dragon scales
rPois    .         Reflect  .   E - +1 hat {Int+3}
rElec    .         Harm     .   r - +2 cloak
rCorr    .         NoTele   +   q - +0 pair of gloves
MR       ++...                  G - +1 pair of boots {Fly}
Stlth    ++++++....             (no amulet)
HPRegen  0.33/turn              z - ring of protection from magic
MPRegen  0.20/turn              u - +3 ring of strength

@: mighty, agile, marked, flying
A: claws 2, icy blue scales 1, nightstalker 3, powered by pain 1
a: Heroism, Finesse, Renounce Religion, Stop Flying


You were in the Dungeon.
You worshipped Okawaru.
Okawaru was exalted by your worship.
You were hungry.

You visited 1 branch You collected 1913 gold pieces.

Inventory:

Hand Weapons
 a - a +0 quarterstaff
 g - a +6 vampiric lajatang (weapon)
 p - a +4 quarterstaff of speed
 F - a +1 quarterstaff of protection
Missiles
 d - 3 throwing nets (quivered)
Armour
 c - a +0 helmet
 q - a +0 pair of gloves (worn)
 r - a +2 cloak (worn)
 s - a +1 chain mail
 A - +0 shadow dragon scales (worn)
 B - a +1 pair of boots
 E - a +1 hat of intelligence (worn)
 G - a +1 pair of boots of flying (worn)
Jewellery
 t - a +2 ring of protection
 u - a +3 ring of strength (right hand)
 w - an uncursed ring of fire
 x - an uncursed ring of see invisible
 y - an uncursed ring of ice
 z - a ring of protection from magic (left hand)
Wands
 l - a wand of digging (6)
 o - a wand of iceblast (9)
Scrolls
 e - 2 scrolls of identify
 k - 4 scrolls of blinking
 m - 4 scrolls of remove curse
 n - 2 scrolls of amnesia
 v - 2 scrolls of fog
 D - a scroll of fear
Potions
 b - a potion of berserk rage
 h - a potion of brilliance
 i - 4 potions of magic
 j - 9 potions of curing
 C - 5 potions of heal wounds
Comestibles
 f - 11 rations
 H - 10 chunks of flesh


   Skills:
 * Level 21.4 Fighting
 * Level 20.1 Staves
 - Level 1.7 Throwing
 + Level 14.9 Armour
 + Level 15.0 Dodging
 + Level 19.6 Invocations


You had 13 spell levels left.
You didn't know any spells.
Your spell library was empty.

Dungeon Overview and Level Annotations

Branches:
Dungeon (1/1)

Altars:
Cheibriados
Dithmenos
Elyvilon
Fedhas
Gozag
Hepliaklqana
Kikubaaqudgha
Makhleb
Nemelex Xobeh
Okawaru
Qazlal
Ru
Sif Muna
Trog
Uskayaw
Vehumet
Wu Jian
Xom
Yredelemnul
Zin
The Shining One
Beogh
Jiyva
Lugonu

Shops:
D }*((


Innate Abilities, Weirdness & Mutations

You have very sharp fingernails.
You are partially covered in icy blue scales. (AC +2)
You are completely attuned to the shadows.
You sometimes gain a little power by taking damage.


Message History

You slice something!!
You hear some strange, mumbled words.
Something tries to affect you, but you resist.
You hit something. Something closely misses you.
Something bites you but does no damage.
You slice something!! Something hits you!
Something bites you but does no damage.
You closely miss something. You miss something. Something hits you.
Something completely misses you.
You hit something.
Unholy energy fills the air.
You barely miss something.
Unholy energy fills the air.
* * * LOW HITPOINT WARNING * * *
You slash something!
Unholy energy fills the air.
* * * LOW HITPOINT WARNING * * *
Unholy energy fills the air.
* * * LOW HITPOINT WARNING * * *
You focus on the pain.
You feel agile all of a sudden.
You slash something!
Unholy energy fills the air.
You die...

▓▓▓▓▓▓▓▓▓▓▓▓▓▓▓▓▓▓▓▓▓▓
(').(.)†))).))))@{....
▓▓▓▓▓▓▓▓▓▓▓▓▓▓▓▓▓▓▓▓▓▓▓▓▓▓▓▓▓▓▓▓▓
.................................
▓▓▓▓▓▓▓▓▓▓▓▓▓▓▓▓▓▓▓▓▓▓▓▓▓▓▓▓▓▓▓▓.
'†(.(())..†††....†..'............
▓▓▓▓▓▓▓▓▓▓▓▓▓▓▓▓▓▓▓▓▓▓▓▓▓▓▓▓▓▓▓▓▓
..................)..............
▓▓▓▓▓▓▓▓▓▓▓▓▓▓▓▓▓▓▓▓▓▓▓▓▓▓▓▓▓▓▓▓.
.......))..)..)(.[.)...'.........


There were no monsters in sight!

Vanquished Creatures
  A sphinx (D)
  Kirke (D)
  A shadow dragon (D)
  A frost giant (D)
  A fire giant (D)
  Aizul (D)
  2 vault wardens (D)
  A very ugly thing (D)
  2 stone giants (D)
  A fire dragon (D)
  2 ettins (D)
  A yaktaur captain (D)
  Josephine (D)
  A vault guard (D)
  A great orb of eyes (D)
  2 ice dragons (D)
  A rakshasa (D)
  5 ogre magi (D)
  A spriggan air mage (D)
  A catoblepas (D)
  A merfolk avatar (D)
  Erica (D)
  2 hydras (D)
  2 centaur warriors (D)
  An alligator (D)
  4 death yaks (D)
  A satyr (D)
  3 deep troll shamans (D)
  A two-headed ogre (D)
  An alligator snapping turtle (D)
  A tengu warrior (D)
  A deep troll earth mage (D)
  A shock serpent (D)
  A naga sharpshooter (D)
  Sonja (D)
  A shadow wraith (D)
  2 unseen horrors (D)
  A spriggan druid (D)
  A sea snake (D)
  3 deep trolls (D)
  4 glowing orange brains (D)
  2 wizards (D)
  2 ironbrand convokers (D)
  A necromancer (D)
  4 orc knights (D)
  A mana viper (D)
  A deep elf mage (D)
  3 wolf spiders (D)
  An ugly thing (D)
  A naga mage (D)
  2 vault sentinels (D)
  4 black mambas (D)
  3 spiny frogs (D)
  A gargoyle (D)
  2 yaktaurs (D)
  2 komodo dragons (D)
  A rime drake (D)
  A freezing wraith (D)
  2 demonic crawlers (D)
  2 jumping spiders (D)
  2 merfolk (D)
  A hornet (D)
  5 trolls (D)
  2 slime creatures (D)
  A bog body (D)
  2 blink frogs (D)
  A snapping turtle (D)
  A hippogriff (shapeshifter) (D)
  A hippogriff (D)
  A wind drake (D)
  A tarantella (D)
  A tarantella (shapeshifter) (D)
  A wyvern (D)
  3 hogs (D)
  3 wraiths (D)
  A human (shapeshifter) (D)
  3 yaks (D)
  5 water moccasins (D)
  A naga (D)
  An acid dragon (D)
  A porcupine (D)
  3 swamp drakes (D)
  12 orc warriors (D)
  A black bear (D)
  2 crocodiles (D)
  A big kobold (D)
  2 bullfrogs (D)
  A howler monkey (D)
  A jelly (D)
  An orc priest (D)
  4 orc wizards (D)
  4 worker ants (D)
  An adder (D)
  An ooze (D)
  A dart slug (D)
  11 orcs (D)
  A bat zombie (D)
  A hobgoblin (D)
  A bat (D)
  A rat (D)
186 creatures vanquished.

Vanquished Creatures (others)
  A swamp drake (D)
1 creature vanquished.

Grand Total: 187 creatures vanquished

Notes
Turn   | Place    | Note
-------+----------+-------------------------------------------
     0 | D        | Freyura the Demonspawn Gladiator began the quest for the
                  | Orb.
     0 | D        | Reached XP level 1. HP: 16/16 MP: 1/1
     9 | D        | Reached skill level 1 in Armour
    17 | D        | Reached skill level 3 in Fighting
    17 | D        | Gained mutation: You have sharp fingernails. [demonic
                  | ancestry]
    17 | D        | Reached XP level 2. HP: 23/24 MP: 2/2
    31 | D        | Reached skill level 4 in Fighting
    31 | D        | Reached XP level 3. HP: 30/30 MP: 3/3
    38 | D        | Reached skill level 5 in Fighting
    38 | D        | Reached skill level 5 in Staves
    38 | D        | Gained mutation: You have very sharp fingernails. [demonic
                  | ancestry]
    38 | D        | Reached XP level 4. HP: 16/39 MP: 4/4
    54 | D        | Found a roughly hewn altar of Beogh.
    54 | D        | Found a snail-covered altar of Cheibriados.
    54 | D        | Found a shadowy altar of Dithmenos.
    54 | D        | Found a white marble altar of Elyvilon.
    54 | D        | Found a blossoming altar of Fedhas.
    54 | D        | Found an opulent altar of Gozag.
    55 | D        | Found a hazy altar of Hepliaklqana.
    56 | D        | Found a viscous altar of Jiyva.
    57 | D        | Found an ancient bone altar of Kikubaaqudgha.
    58 | D        | Found a corrupted altar of Lugonu.
    59 | D        | Found a burning altar of Makhleb.
    60 | D        | Found a sparkling altar of Nemelex Xobeh.
    61 | D        | Found an iron altar of Okawaru.
    62 | D        | Found a stormy altar of Qazlal.
    63 | D        | Found a sacrificial altar of Ru.
    64 | D        | Found a shimmering blue altar of Sif Muna.
    65 | D        | Found a bloodstained altar of Trog.
    66 | D        | Found a hide-covered altar of Uskayaw.
    67 | D        | Found a radiant altar of Vehumet.
    68 | D        | Found an ornate altar of the Wu Jian Council.
    69 | D        | Became a worshipper of Warmaster Okawaru
    70 | D        | Found a shimmering altar of Xom.
    71 | D        | Found a basalt altar of Yredelemnul.
    72 | D        | Found a glowing silver altar of Zin.
    73 | D        | Found a glowing golden altar of the Shining One.
   126 | D        | Noticed a wyvern
   135 | D        | Killed a wyvern
   135 | D        | Reached skill level 7 in Fighting
   135 | D        | Reached skill level 5 in Dodging
   135 | D        | Reached XP level 5. HP: 29/48 MP: 4/7
   139 | D        | Reached XP level 6. HP: 34/55 MP: 4/8
   151 | D        | Reached * piety under Okawaru
   270 | D        | Noticed a two-headed ogre
   270 | D        | Noticed an orc warrior
   270 | D        | Noticed a gargoyle
   279 | D        | Reached skill level 8 in Fighting
   279 | D        | Reached skill level 5 in Invocations
   289 | D        | Killed a two-headed ogre
   289 | D        | Reached ** piety under Okawaru
   289 | D        | Reached skill level 9 in Fighting
   289 | D        | Gained mutation: You sometimes gain a little power by
                  | taking damage. [demonic ancestry]
   289 | D        | Reached XP level 7. HP: 23/65 MP: 9/12
   289 | D        | Gained mutation: You are slightly more attuned to the
                  | shadows. [demonic ancestry]
   289 | D        | Reached XP level 8. HP: 26/72 MP: 9/13
   294 | D        | Reached skill level 10 in Fighting
   314 | D        | Killed a gargoyle
   314 | D        | Reached skill level 10 in Staves
   613 | D        | Noticed a rime drake
   618 | D        | Reached *** piety under Okawaru
   619 | D        | Noticed a hippogriff
   629 | D        | Killed a rime drake
   632 | D        | Reached skill level 11 in Fighting
   638 | D        | Noticed a spiny frog
   641 | D        | Gained mutation: You are significantly more attuned to the
                  | shadows. [demonic ancestry]
   641 | D        | Reached XP level 9. HP: 72/81 MP: 15/15
   663 | D        | Reached **** piety under Okawaru
   670 | D        | Killed a spiny frog
   806 | D        | Noticed an eight-headed hydra
   817 | D        | Killed an eight-headed hydra
   817 | D        | Received a gift from Okawaru
   817 | D        | Reached skill level 12 in Fighting
   817 | D        | Reached skill level 10 in Invocations
   818 | D        | Noticed a komodo dragon
   828 | D        | Noticed a spiny frog
   831 | D        | Reached ***** piety under Okawaru
   839 | D        | Noticed a komodo dragon
   843 | D        | Killed a komodo dragon
   843 | D        | Gained mutation: You are completely attuned to the shadows.
                  | [demonic ancestry]
   843 | D        | Reached XP level 10. HP: 42/91 MP: 17/17
   847 | D        | Killed a spiny frog
   857 | D        | Received a gift from Okawaru
   857 | D        | Reached skill level 13 in Fighting
  1061 | D        | Noticed a death yak
  1061 | D        | Noticed a death yak
  1063 | D        | Noticed a catoblepas
  1079 | D        | Killed a death yak
  1080 | D        | Noticed a death yak
  1097 | D        | Noticed a death yak
  1103 | D        | Killed a death yak
  1103 | D        | Received a gift from Okawaru
  1133 | D        | Killed a catoblepas
  1143 | D        | Killed a death yak
  1143 | D        | Reached skill level 14 in Fighting
  1153 | D        | Killed a death yak
  1153 | D        | Reached skill level 10 in Dodging
  1153 | D        | Gained mutation: You are partially covered in icy blue
                  | scales. (AC +2) [demonic ancestry]
  1153 | D        | Reached XP level 11. HP: 14/100 MP: 20/20
  1554 | D        | Noticed Josephine
  1563 | D        | Killed Josephine
  1563 | D        | Received a gift from Okawaru
  1747 | D        | Reached skill level 10 in Armour
  1848 | D        | Noticed an orc knight
  1853 | D        | Noticed an orc knight
  1863 | D        | Killed an orc knight
  1863 | D        | Reached skill level 15 in Fighting
  1868 | D        | Killed an orc knight
  2005 | D        | Noticed a stone giant
  2012 | D        | Noticed a deep troll
  2016 | D        | Killed a stone giant
  2024 | D        | Killed a deep troll
  2025 | D        | Found Picwout's Gadget Emporium.
  2025 | D        | Noticed an ogre mage
  2034 | D        | Found Nealient's General Store.
  2039 | D        | Killed an ogre mage
  2049 | D        | Noticed a deep troll
  2050 | D        | Noticed an ogre mage
  2051 | D        | Found Patewuc's Weapon Emporium.
  2051 | D        | Noticed an ettin
  2058 | D        | Killed a deep troll
  2058 | D        | Received a gift from Okawaru
  2058 | D        | Reached skill level 15 in Staves
  2063 | D        | Killed an ogre mage
  2063 | D        | Reached ****** piety under Okawaru
  2063 | D        | Reached skill level 16 in Fighting
  2063 | D        | Reached XP level 12. HP: 111/111 MP: 22/22
  2064 | D        | Found Ysyu's Antique Weapon Shoppe.
  2070 | D        | Killed an ettin
  2071 | D        | Noticed an ogre mage
  2087 | D        | Killed an ogre mage
  2115 | D        | Got a dazzling scale mail {god gift}
  2158 | D        | Identified the +0 scale mail of Duck's Teeth {Int+4}
                  | (Okawaru gifted it to you in the Dungeon)
  2217 | D        | Noticed Sonja
  2221 | D        | Killed Sonja
  2337 | D        | Noticed an eight-headed hydra
  2337 | D        | Noticed a tengu warrior
  2346 | D        | Killed an eight-headed hydra
  2357 | D        | Killed a tengu warrior
  2358 | D        | Reached skill level 15 in Invocations
  2366 | D        | Reached skill level 17 in Fighting
  2382 | D        | Noticed a yaktaur captain
  2385 | D        | Noticed a stone giant
  2391 | D        | Killed a yaktaur captain
  2392 | D        | Noticed a brown very ugly thing
  2400 | D        | Killed a stone giant
  2400 | D        | Received a gift from Okawaru
  2403 | D        | Noticed a deep troll earth mage
  2407 | D        | Killed a brown very ugly thing
  2413 | D        | Noticed an ogre mage
  2415 | D        | Killed a deep troll earth mage
  2427 | D        | Killed an ogre mage
  2520 | D        | Noticed Erica
  2529 | D        | Killed Erica
  2529 | D        | Reached XP level 13. HP: 122/122 MP: 23/25
  2564 | D        | Noticed Kirke
  2580 | D        | Killed Kirke
  2580 | D        | Reached skill level 18 in Fighting
  2782 | D        | Received a gift from Okawaru
  2888 | D        | Received a gift from Okawaru
  2888 | D        | Reached skill level 19 in Fighting
  3023 | D        | Noticed Aizul
  3041 | D        | Killed Aizul
  3198 | D        | Noticed a fire dragon
  3209 | D        | Noticed a fire giant
  3215 | D        | Noticed a shadow dragon
  3221 | D        | Killed a fire dragon
  3235 | D        | Killed a fire giant
  3249 | D        | Killed a shadow dragon
  3249 | D        | Reached XP level 14. HP: 87/134 MP: 25/27
  3259 | D        | Noticed a frost giant
  3263 | D        | Reached skill level 20 in Fighting
  3278 | D        | Received a gift from Okawaru
  3283 | D        | Killed a frost giant
  3284 | D        | Noticed a sphinx
  3300 | D        | Paralysed by a sphinx for 2 turns
  3305 | D        | Killed a sphinx
  3422 | D        | Received a gift from Okawaru
  3471 | D        | Noticed a vault warden
  3490 | D        | Killed a vault warden
  3490 | D        | Reached skill level 21 in Fighting
  3491 | D        | Noticed a vault warden
  3520 | D        | Killed a vault warden
  3520 | D        | Received a gift from Okawaru
  3528 | D        | Reached skill level 15 in Dodging
  3530 | D        | Noticed a vampire knight
  3567 | D        | HP: 4/138 [something/vampiric draining (19)]
  3568 | D        | Killed from afar by a vampire knight

Illustrated notes

Levels and vault maps discovered:
D:        linesprint [early_d, line_temple, items_1, d_10, items_2, lair_1,
          lair_end, items_3, orc_1, orc_end, items_4, d_15, swamp_1, shoals_1,
          snake_1, spider_1, d_20, vaults_1, items_5, swamp_end, shoals_end,
          snake_end, spider_end, vaults_end, d_27, items_6, zot_1, zot_end,
          crypt_end, forest_end, elf_end, slime_end, tomb_end, abyss_end,
          pan_hell_end]

Skill      XL: |  1  2  3  4  5  6  7  8  9 10 11 12 13 14 |
---------------+-------------------------------------------+-----
Staves         | 3 4 5 6 7 9 10 12 13 15 16 18 20 | 20.1
Armour         | 1 2 4 6 7 8 9 10 12 13 14 | 14.9
Dodging        | 3 4 5 6 7 8 10 11 12 13 15 | 15.0
Fighting       | 3 4 5 7 9 11 12 14 16 17 19 21 | 21.4
Invocations    | 3 7 8 10 12 14 16 18 19 | 19.6
Throwing       | |  1.7

Action                   |  1- 3 |  4- 6 |  7- 9 | 10-12 | 13-15 || total
-------------------------+-------+-------+-------+-------+-------++-------
Melee: Quarterstaff      |    24 |    48 |   116 |   134 |       ||   322
       Lajatang          |       |       |       |   206 |   387 ||   593
Invok: Heroism           |       |       |       |     5 |     5 ||    10
       Finesse           |       |       |       |     5 |     5 ||    10
Evoke: Wand              |       |       |       |       |     1 ||     1
  Use: Potion            |     1 |     2 |     2 |     2 |       ||     7
       Scroll            |       |       |     2 |     2 |       ||     4
 Stab: Invisible         |       |     7 |       |       |       ||     7
       Petrified         |       |       |       |     6 |       ||     6
       Petrifying        |       |       |       |     4 |       ||     4
       Sleeping          |       |       |       |     2 |     7 ||     9
  Eat: Chunk             |       |       |       |     5 |     3 ||     8
Armor: Leather armour    |     5 |     2 |       |       |       ||     7
       Chain mail        |       |    16 |    39 |    45 |       ||   100
       Shadow dragon sca |       |       |       |    17 |   117 ||   134
Dodge: Dodged            |     9 |    27 |    46 |   110 |   147 ||   339

Table legend:
 A = Non-vault XP
 B = Vault XP
 C = Vault XP percentage of total XP
 D = Non-vault monster count
 E = Vault monster count
 F = Vault count percentage of total count
                 A         B        C        D         E       F
            +---------+---------+-------+---------+---------+-------
      Total |       0 |   93901 | 100.0 |       0 |     186 | 100.0
            +---------+---------+-------+---------+---------+-------
          D |       0 |   93901 | 100.0 |       0 |     186 | 100.0
            +---------+---------+-------+---------+---------+-------
